 Dungeon Crawl Stone Soup version 0.26.1-2-gb8aa6d0cf2 (webtiles) character file.

Game seed: 3378471791561580830

91 Gabide the Sneak (level 4, -2/34 HPs)
             Began as a Human Brigand on Mar 8, 2021.
             Slain by an orc (3 damage)
             ... on level 3 of the Dungeon.
             The game lasted 00:05:55 (2470 turns).

Gabide the Sneak (Human Brigand)                    Turns: 2470, Time: 00:05:56

Health: -2/34      AC:  4    Str: 12    XL:     4   Next: 87%
Magic:  4/4        EV: 11    Int: 11    God:
Gold:   199        SH:  0    Dex: 15    Spells: 3/3 levels left

rFire    . . .     SeeInvis .   a - +2 dagger
rCold    . . .     Faith    .   (no shield)
rNeg     . . .     Spirit   .   f - +0 leather armour
rPois    .         Reflect  .   (no helmet)
rElec    .         Harm     .   c - +0 cloak
rCorr    .         Rampage  .   (no gloves)
Will     .....                  (no boots)
Stlth    +++.......             (no amulet)
HPRegen  0.11/turn              (no ring)
MPRegen  0.09/turn              (no ring)

@: lethally poisoned (-2 -> -3), flying
A: no striking features
a: no special abilities


You were on level 3 of the Dungeon.
You visited 1 branch of the dungeon, and saw 3 of its levels.

You collected 199 gold pieces.

Inventory:

Hand Weapons
 a - a +2 dagger (weapon)
 i - a +1 dagger of pain
Missiles
 e - a curare-tipped dart (quivered)
 j - 7 boomerangs
Armour
 c - a +0 cloak (worn)
 f - a +0 leather armour (worn)
Jewellery
 b - an uncursed amulet of reflection {unknown}
 m - an uncursed amulet of faith {unknown}
Scrolls
 h - 2 scrolls of remove curse {unknown}
 k - a scroll of enchant armour {unknown}


   Skills:
 + Level 2.7 Fighting
 + Level 2.3 Short Blades
 + Level 2.7 Throwing
 + Level 1.0 Armour
 + Level 1.4 Dodging
 + Level 4.7 Stealth


You had 3 spell levels left.
You didn't know any spells.
Your spell library was empty.

Dungeon Overview and Level Annotations

Branches:
Dungeon (3/15)

Altars:
Zin


Message History

You kill the orc!
* * * LOW HITPOINT WARNING * * *
You feel sick.
There is a lethal amount of poison in your body!
* * * LOW HITPOINT WARNING * * *
You feel sick.
* * * LOW HITPOINT WARNING * * *
You feel sick.
* * * LOW HITPOINT WARNING * * *
You feel sick.
There is a stone staircase leading down here.
You fly downwards.
The orc wizard casts a spell.
The orc wizard seems to speed up.
There is a stone staircase leading up, spattered with blood here.
You hit the orc.
The orc is severely wounded.
* * * LOW HITPOINT WARNING * * *
You feel sick. The orc hits you.
You die...

#.........#
#......)..#
#.........#
#.........#
+.........#
#.#.......$.#
..........###..
.......@.......
....####o####..
. .o. (...#
.#..# (#(... (#
.... .. ....


You could see an orc wizard (fast) and an orc.

Vanquished Creatures
  5 adders
  A worm (D:2)
  A dart slug (D:1)
  A leopard gecko (D:1)
  2 orcs (D:2)
  2 giant cockroaches
  4 hobgoblins
  3 jackals
  10 bats
  3 frilled lizards
  3 goblins (D:2)
  2 kobolds
  3 rats
40 creatures vanquished.

Vanquished Creatures (others)
  5 toadstools (D:2)
5 creatures vanquished.

Grand Total: 45 creatures vanquished

Notes
Turn   | Place    | Note
-------+----------+-------------------------------------------
     0 | D:1      | Gabide the Human Brigand began the quest for the Orb.
     0 | D:1      | Reached XP level 1. HP: 16/16 MP: 1/1
   126 | D:1      | Reached XP level 2. HP: 23/23 MP: 2/2
   954 | D:1      | Reached XP level 3. HP: 21/28 MP: 3/3
  1510 | D:2      | Reached XP level 4. HP: 33/34 MP: 4/4
  1934 | D:2      | Found a glowing silver altar of Zin.
  2456 | D:2      | Reached skill level 1 in Armour
  2470 | D:3      | HP: 1/34 [poisoned by an adder]
  2470 | D:3      | Slain by an orc

Illustrated notes

Levels and vault maps discovered:
D:1:      lemuel_arrival_muddy, layout_basic
D:2:      layout_rooms, lemuel_crystal_altar, minmay_gold_behind_fungi,
          chequers_serial_rivers_micro_e, minmay_misc_feat_secret_circle
D:3:      cheibrodos_greedy_goblins, layout_basic, skrybe_limestone_x

Skill      XL: |  1  2  3  4 |
---------------+-------------+-----
Armour         | 1 |  1.0
Fighting       | |  2.7
Short Blades   | |  2.3
Throwing       | |  2.7
Dodging        | |  1.4
Stealth        | |  4.7

Action                   |  1- 3 |  4- 6 || total
-------------------------+-------+-------++-------
Melee: Dagger            |    55 |    33 ||    88
Throw: Dart              |    40 |    31 ||    71
  Use: Scroll            |     4 |     2 ||     6
       Potion            |       |     1 ||     1
Armor: Robe              |    14 |       ||    14
       Leather armour    |    14 |     5 ||    19
Dodge: Dodged            |    36 |    23 ||    59
